 Dungeon Crawl Stone Soup version 0.31.0-1-g2c135a008e (webtiles) character file.

Game seed: 600669451418943257

464 qw the Shooter (level 7, -2/52 HPs)
             Began as a Djinni Hunter on Jan 23, 2024.
             Slain by Blork the orc
             ... wielding a +0 glaive
              (8 damage)
             ... on level 5 of the Dungeon.
             The game lasted 00:00:13 (3013 turns).

qw the Shooter (Djinni Hunter)                      Turns: 3013, Time: 00:00:13

Health: -2/52      AC:  6    Str: 10    XL:     7   Next: 29%
Gold:   204        EV: 11    Int: 11    God:
                   SH:  0    Dex: 18

rFire   + + .        h - +0 arbalest
rCold   x . .        (shield currently unavailable)
rNeg    . . .        b - +0 ring mail
rPois   inf          (helmet restricted)
rElec   .            e - +0 cloak
rCorr   .            (no gloves)
SInv    .            (boots unavailable)
Will    .....        a - amulet of faith
Stlth   +            (no ring)
HPRegen 1.08/turn    (no ring)
MPRegen 0.00/turn

%: faith, infuse magic (-3 HP)
@: flying
A: sickness immunity, fire resistance 2, cold vulnerability 1, float, innate
caster, HP casting, extra vitality 1, beak, deterioration 1, regeneration 1,
wild magic 1
a: no special abilities


You were on level 5 of the Dungeon.
You visited 1 branch of the dungeon, and saw 5 of its levels.

You collected 204 gold pieces.


Innate Abilities, Weirdness & Mutations

You are immune to sickness and miasma.
You are immune to poison.
Your flesh is very heat resistant. (rF++)
You are vulnerable to cold. (rC-)
You float through the air rather than walking.
You learn spells naturally, not from books.
Your magical power is your life essence.
You have superior vitality. (+4 MHP)
You have a beak for a mouth.
Your body sometimes deteriorates upon taking damage.
Your natural rate of healing is unusually fast.
Your spells are a little harder to cast, but a little more powerful.


   Skills:
 - Level 4.1 Fighting
 + Level 5.7 Ranged Weapons
 - Level 1.0 Armour
 - Level 3.0 Dodging
 - Level 0.7 Stealth


You knew the following spells:

 Your Spells              Type           Power      Damage    Failure   Level
a - Foxfire               Conj/Fire      0%         2x1d4     73%         1
b - Blink                 Tloc           0%         N/A       86%         2
c - Gell's Gravitas       Tloc           0%         N/A       97%         3
Your spell library was empty.

Inventory:

Hand Weapons
 h - a +0 arbalest (weapon)
Armour
 b - a +0 ring mail (worn)
 e - a +0 cloak (worn)
Jewellery
 a - an amulet of faith (around neck)
 k - a ring of fire
Wands
 c - a wand of roots (9)
 j - a wand of polymorph (14)
Scrolls
 d - a scroll of identify
Potions
 f - a potion of haste
 i - a potion of might

Dungeon Overview and Level Annotations

Branches:
Dungeon (5/15)
 Temple: D:4-7

Altars:
Nemelex Xobeh
The Shining One

Shops:
D:2 (

Annotations:
D:5 Blork the orc


Message History

The ufetubus hits you but does no damage. x2
3007 ||| RETREEEEATING.
The ufetubus slips past you! The ufetubus barely misses you.
The ufetubus hits you but does no damage.
You shoot a bolt. The bolt barely misses the ufetubus.
Blork the orc hits you from afar with a +0 glaive!
The ufetubus barely misses you. x2; Blork the orc barely misses you.
The orc priest looks satisfied for a moment.
The ufetubus barely misses you. The ufetubus closely misses you.
You shoot a bolt. The bolt hits the ufetubus!
The ufetubus is almost dead.
Blork the orc barely misses you.
The ufetubus hits you but does no damage. x2
The orc hits you with a +0 dagger. Blork the orc barely misses you.
The ufetubus hits you. The ufetubus barely misses you.
The orc closely misses you.
The orc priest calls down the wrath of Beogh upon you.
Beogh smites you! Blork the orc barely misses you.
The ufetubus hits you but does no damage.
The ufetubus closely misses you.
You shoot a bolt. The bolt hits the ufetubus!!
You kill the ufetubus!
Blork the orc closely misses you. The orc hits you but does no damage.
Blork the orc completely misses you. The orc closely misses you.
Blork the orc barely misses you.
You shoot a bolt.
The bolt hits the orc but does no damage.
Blork the orc screams, "Die!"
Blork the orc hits you from afar with a +0 glaive.
The orc hits you but does no damage. Blork the orc closely misses you.
The orc hits you with a +0 dagger.
You shoot a bolt. The bolt hits the orc!
You kill the orc!
Blork the orc closely misses you. Blork the orc barely misses you.
Blork the orc misses you.
You shoot a bolt. The bolt closely misses the orc priest.
The bolt closely misses Blork the orc.
The bolt hits the orc!
You kill the orc!
Blork the orc hits you from afar with a +0 glaive!
You die...

### #.. #.# #.# ....
#.# .... #.# o....
#.# ..... #@# ......
#o######......
##.#oo..o........
.......)...o<.......
#####.#######o......
#. ....... # ...####
o..# [..#


You could see Blork the orc (fast), an orc priest and an orc.

Vanquished Creatures
  A phantom (D:2)
  A scorpion (D:4)
  2 hounds (D:4)
  An orc priest (D:4)
  2 orc wizards (D:4)
  4 gnolls (D:2)
  5 adders
  2 ufetubi (D:5)
  A ribbon worm (D:3)
  11 orcs
  7 bats
  8 endoplasms
  8 giant cockroaches
  4 goblins
  6 hobgoblins
  9 kobolds
  5 quokkas
  8 ball pythons
  3 frilled lizards
  3 rats
91 creatures vanquished.

Notes
Turn   | Place    | Note
-------+----------+-------------------------------------------
     0 | D:1      | qw the Djinni Hunter began the quest for the Orb.
     0 | D:1      | Reached XP level 1. HP: 18/18 MP: 0/0
     0 | D:1      | 0 ||| qw: Version: 0.3-a-136-gdd3b4e8
     0 | D:1      | 0 ||| qw: Game counter: 1072
     0 | D:1      | 0 ||| qw: Melee chars always use a shield: true
     0 | D:1      | 0 ||| qw: God list: Okawaru
     0 | D:1      | 0 ||| qw: Allow faded altars: false
     0 | D:1      | 0 ||| qw: Do Orc after clearing Dungeon:15 true
     0 | D:1      | 0 ||| qw: Do second Lair branch before Depths: true
     0 | D:1      | 0 ||| qw: Lair rune preference: random
     0 | D:1      | 0 ||| qw: Goals: Normal
     0 | D:1      | 0 ||| PLANNING D:1-11
   139 | D:1      | Reached XP level 2. HP: 22/23 MP: 0/0
   365 | D:1      | 365 ||| SWAPPING to +0 arbalest.
   366 | D:1      | 366 ||| DROPPING +0 shortbow.
   523 | D:1      | Reached XP level 3. HP: 28/28 MP: 0/0
   523 | D:1      | Learned a level 1 spell: Foxfire
   542 | D:1      | Reached skill level 4 in Ranged Weapons
   638 | D:1      | 638 ||| UPGRADING to +0 cloak.
   643 | D:1      | 643 ||| READING scroll labelled VEOHYE EFUPH.
   644 | D:1      | 644 ||| READING scroll labelled ICVECAEKKU.
   645 | D:1      | 645 ||| DROPPING scroll of butterflies.
   661 | D:2      | 661 ||| RETREEEEATING.
   664 | D:2      | 664 ||| RETREEEEATING.
   671 | D:2      | HP: 6/29 [gnoll/+0 flail (9)]
   674 | D:2      | Reached skill level 3 in Fighting
   674 | D:2      | Reached XP level 4. HP: 8/35 MP: 0/0
   792 | D:2      | Found Uceefao's Antique Weapon Shop.
  1127 | D:2      | Reached skill level 3 in Dodging
  1185 | D:2      | Noticed a phantom
  1188 | D:2      | Killed a phantom
  1189 | D:2      | Reached XP level 5. HP: 40/40 MP: 0/0
  1189 | D:2      | Learned a level 2 spell: Blink
  1414 | D:2      | 1414 ||| UPGRADING to +0 ring mail.
  1424 | D:2      | 1424 ||| DROPPING +0 leather armour.
  1425 | D:2      | 1425 ||| READING 2 scrolls labelled ELENO JYGIDD.
  1425 | D:2      | 1425 ||| IDENTIFYING sedimented brown potion
  1426 | D:2      | 1426 ||| READING scroll of identify.
  1426 | D:2      | 1426 ||| IDENTIFYING cyan potion
  1427 | D:2      | 1427 ||| READING scroll labelled PUGU WOZANLIO.
  1428 | D:2      | 1428 ||| DRINKING 2 ruby potions.
  1428 | D:2      | Gained mutation: You are partially covered in large bone
                  | plates. (SH +4) [potion of mutation]
  1428 | D:2      | Gained mutation: You occasionally shout uncontrollably at
                  | your foes. [potion of mutation]
  1429 | D:2      | 1429 ||| DRINKING potion of mutation.
  1429 | D:2      | Lost mutation: You occasionally shout uncontrollably at
                  | your foes. [potion of mutation]
  1429 | D:2      | Lost mutation: You are partially covered in large bone
                  | plates. (SH +4) [potion of mutation]
  1429 | D:2      | Gained mutation: Your body sometimes deteriorates upon
                  | taking damage. [potion of mutation]
  1429 | D:2      | Gained mutation: You have a beak for a mouth. [potion of
                  | mutation]
  1429 | D:2      | Gained mutation: Your natural rate of healing is unusually
                  | fast. [potion of mutation]
  1429 | D:2      | Gained mutation: Your spells are a little harder to cast,
                  | but a little more powerful. [potion of mutation]
  1515 | D:3      | HP: 10/40 [orc/+0 hand axe of electrocution (12)]
  1516 | D:3      | 1516 ||| DRINKING potion of heal wounds.
  1745 | D:3      | Reached skill level 1 in Armour
  1815 | D:3      | Reached XP level 6. HP: 46/46 MP: 0/0
  2021 | D:3      | Reached skill level 5 in Ranged Weapons
  2322 | D:3      | Found a sparkling altar of Nemelex Xobeh.
  2461 | D:3      | 2461 ||| READING scroll labelled HODOSASUNN.
  2462 | D:3      | 2462 ||| DRINKING 2 amethyst potions.
  2463 | D:3      | 2463 ||| DROPPING potion of attraction.
  2550 | D:4      | 2550 ||| DRINKING blue potion.
  2597 | D:4      | Found a glowing golden altar of the Shining One.
  2657 | D:4      | Reached XP level 7. HP: 52/52 MP: 0/0
  2657 | D:4      | Learned a level 3 spell: Gell's Gravitas
  2980 | D:4      | 2980 ||| UPGRADING to amulet of faith.
  2985 | D:4      | 2985 ||| READING 3 scrolls of identify.
  2985 | D:4      | 2985 ||| IDENTIFYING fizzy blue potion
  2986 | D:4      | 2986 ||| READING 2 scrolls of identify.
  2986 | D:4      | 2986 ||| IDENTIFYING pink potion
  2987 | D:4      | 2987 ||| DROPPING potion of degeneration.
  2996 | D:5      | Entered Level 5 of the Dungeon
  2996 | D:5      | Noticed Blork the orc
  2997 | D:5      | 2997 ||| RETREEEEATING.
  3002 | D:5      | 3002 ||| RETREEEEATING.
  3003 | D:5      | 3003 ||| RETREEEEATING.
  3004 | D:5      | 3004 ||| RETREEEEATING.
  3005 | D:5      | 3005 ||| RETREEEEATING.
  3006 | D:5      | 3006 ||| RETREEEEATING.
  3007 | D:5      | 3007 ||| RETREEEEATING.
  3009 | D:5      | HP: 12/52 [ufetubus (2)]
  3009 | D:5      | HP: 3/52 [orc priest/divine providence (9)]
  3013 | D:5      | Slain by Blork the orc

Levels and vault maps discovered:
D:1:      psy_arrival_dodecagon, layout_loops_ring, dreamdust_wishing_well
D:2:      layout_loops_ring, serial_shops, shop
D:3:      layout_basic, nemelex_altar_shiori, corexii_hall_statues_s,
          eino_tiny_chamber, nrook_uturn, grunt_decor_junction,
          chequers_serial_rivers_micro_a, serial_park_tiny_pond
D:4:      layout_cave_pools, tso_metal_star
D:5:      layout_basic, kennysheep_mini, regret_index_xom_of_box, serial_shops,
          shop, kennysheep_nondescript, uniq_sigmund, uniq_ijyb,
          uniq_blork_the_orc

Skill      XL: |  1  2  3  4  5  6 |
---------------+-------------------+-----
Ranged Weapons | 4 5 |  5.7
Fighting       | 3 4 |  4.1
Dodging        | 3 |  3.0
Armour         | 1 |  1.0
Stealth        | |  0.7

Action                     |  1- 3 |  4- 6 |  7- 9 || total
---------------------------+-------+-------+-------++-------
   Fire: Shortbow          |    21 |       |       ||    21
         Arbalest          |    25 |   138 |    36 ||   199
    Use: Scroll            |     2 |     4 |     2 ||     8
         Potion            |       |     5 |       ||     5
 Armour: Leather armour    |    16 |    15 |       ||    31
         Ring mail         |       |    47 |    53 ||   100
  Dodge: Dodged            |    21 |    43 |    63 ||   127

Table legend:
 A = Non-vault XP
 B = Vault XP
 C = Vault XP percentage of total XP
 D = Non-vault monster count
 E = Vault monster count
 F = Vault count percentage of total count
                 A         B        C        D         E       F
            +---------+---------+-------+---------+---------+-------
      Total |     666 |       0 |   0.0 |      91 |       0 |   0.0
            +---------+---------+-------+---------+---------+-------
        D:1 |      31 |       0 |   0.0 |      16 |       0 |   0.0
        D:2 |     193 |       0 |   0.0 |      27 |       0 |   0.0
        D:3 |      83 |       0 |   0.0 |      28 |       0 |   0.0
        D:4 |     337 |       0 |   0.0 |      16 |       0 |   0.0
        D:5 |      22 |       0 |   0.0 |       4 |       0 |   0.0
            +---------+---------+-------+---------+---------+-------
